 Dungeon Crawl Stone Soup version 0.21.1-1-g345015fe64 (webtiles) character file.

20 Ivernyr the Shooter (level 2, -3/23 HPs)
             Began as a Centaur Arcane Marksman on Mar 25, 2018.
             Slain by a kobold
             ... wielding a +0 short sword
              (5 damage)
             ... on level 2 of the Dungeon.
             The game lasted 00:01:55 (1466 turns).

Ivernyr the Shooter (Centaur Arcane Marksman)       Turns: 1466, Time: 00:01:55

Health: -3/23      AC:  5    Str: 12    XL:     2   Next: 58%
Magic:  12/12      EV:  9    Int: 12    God:
Gold:   61         SH:  0    Dex:  9    Spells: 2/3 levels left

rFire    . . .     SeeInvis .   (no weapon)
rCold    . . .     Gourm    .   (no shield)
rNeg     . . .     Faith    .   e - +0 robe
rPois    .         Spirit   .   (no helmet)
rElec    .         Reflect  .   l - +0 cloak
rCorr    .         Harm     .   (no gloves)
MR       .....                  (no barding)
Stlth    +.........             (no amulet)
HPRegen  0.07/turn              o - ring of magical power (curse)
MPRegen  0.13/turn              (no ring)

@: very quick
A: large, hooves 3, deformed body, speed 2, tough skin 3
a: no special abilities


You were on level 2 of the Dungeon.
You were not hungry.

You visited 1 branch of the dungeon, and saw 2 of its levels.

You collected 61 gold pieces.

Inventory:

Hand Weapons
 a - a +0 shortbow
Missiles
 d - 20 arrows
Armour
 e - a +0 robe (worn)
 l - a +0 cloak (worn)
Jewellery
 o - a cursed ring of magical power (left hand)
Scrolls
 b - 2 scrolls of identify {unknown}
 g - a scroll of enchant weapon {unknown}
 h - a scroll of enchant armour {unknown}
 j - a scroll of remove curse {unknown}
 k - a scroll of amnesia {unknown}
 m - a scroll of magic mapping {unknown}
Potions
 i - a potion of heal wounds {unknown}
 n - a potion of curing {unknown}
Books
 c - a book of Debilitation

   Spells                             Type                      Level
   a - Corona                         Hexes                        1
   b - Slow                           Hexes                        2
   c - Inner Flame                    Hexes/Fire                   3
   d - Portal Projectile              Hexes/Translocation          3
   e - Cause Fear                     Hexes                        4
   f - Leda's Liquefaction            Hexes/Earth                  4
Comestibles
 f - 4 rations
 p - 2 chunks of flesh


   Skills:
 + Level 1.5 Fighting
 * Level 3.6 Bows
 - Level 1.3 Dodging
 - Level 1.0 Spellcasting
 + Level 2.9 Hexes


You had 2 spell levels left.
You knew the following spells:

 Your Spells              Type           Power        Failure   Level  Hunger
a - Corona                Hex            #......      9%          1    ##.....


Dungeon Overview and Level Annotations

Branches:
Dungeon (2/15)

Altars:


Innate Abilities, Weirdness & Mutations

You have hooves in place of feet.
Armour fits poorly on your strangely shaped body.
You cover ground very quickly.
You have extremely tough skin. (AC +3)


Message History

You miss the kobold. Your kick misses the kobold.
The kobold is moderately wounded.
The kobold hits you but does no damage.
You barely miss the kobold.
The kobold is moderately wounded.
The kobold completely misses you.
You closely miss the kobold. Your kick misses the kobold.
The kobold is moderately wounded.
The kobold barely misses you.
You hit the kobold but do no damage. Your kick misses the kobold.
The kobold is moderately wounded.
The kobold barely misses you.
You closely miss the kobold. Your kick misses the kobold.
The kobold is moderately wounded.
The kobold hits you with a short sword.
* * * LOW HITPOINT WARNING * * *
You closely miss the kobold. Your kick misses the kobold.
The kobold is moderately wounded.
The kobold hits you with a short sword.
You die...

#........#
#........#
##.......#
#.......#
#.......###
##+#.#....#
#.#....#.#
#########(######.#
#..@(.(...(...†..#
#.K.............##
#...............#
#...............#
#...?...........#
#.....?....######
#..........#
#..[.......#


You could see a kobold.

Vanquished Creatures
  An adder (D:2)
  An ooze (D:1)
  A goblin (D:2)
  A hobgoblin (D:1)
  A bat (D:2)
  A kobold (D:1)
  3 rats
9 creatures vanquished.

Notes
Turn   | Place    | Note
-------+----------+-------------------------------------------
     0 | D:1      | Ivernyr the Centaur Arcane Marksman began the quest for the Orb.
     0 | D:1      | Reached XP level 1. HP: 16/16 MP: 2/2
   111 | D:1      | Reached skill level 3 in Bows
  1256 | D:2      | Reached XP level 2. HP: 15/23 MP: 3/3
  1466 | D:2      | Slain by a kobold

Skill      XL: |  1 |
---------------+----+-----
Bows           | 3 |  3.6
Fighting       | |  1.5
Dodging        | |  1.3
Spellcasting   | |  1.0
Hexes          | |  2.9

Action                   || total
-------------------------++-------
Melee: Unarmed           ||    44
       Kick              ||     8
 Cast: Corona            ||     2
  Eat: Chunk             ||     1
Armor: Robe              ||    16
Dodge: Dodged            ||    30
